Map: Backwater LE

Players

fruitcake

  • Race: Zerg Zerg
  • Spawn Location: 11:00

A.I. 1 (Very Hard) - Winner!

  • Race: Zerg Zerg
  • Spawn Location: 5:00

VOD

Have the link to the VOD?

Description

Time

  • Played on: May 11, 2018, 6:55 p.m.
  • Length: 21:06
Show
View Real Time Build Order
Export as new Build Order

fruitcake Zerg 

Build Orders: Pool First 

Get SALT Encoding   

  12  0:02  Drone  
  13  0:12  Drone, Extractor  
  13  0:18  Overlord  
  13  0:24  Drone  
  14  0:37  Drone x2  
  16  0:52  Spawning Pool  
  16  0:55  Drone  
  16  0:59  Drone  
  17  1:07  Drone  
  18  1:32  Hatchery  
  17  1:38  Drone x2  
  19  1:42  Extractor  
  19  1:46  Zergling x2  
  18  1:57  Queen  
  20  2:02  Zergling x2  
  20  2:05  Zergling x2  
  22  2:12  Overlord  
  22  2:25  Roach Warren  
  22  2:28  Zergling x2  
  22  2:41  Zergling x2  
  22  2:43  Metabolic Boost  
  23  2:45  Zergling x2  
  23  2:49  Drone  
  25  2:54  Drone  
  26  3:10  Queen  
  26  3:12  Drone  
  29  3:14  Drone  
  29  3:16  Drone  
  30  3:30  Zergling x8  
  29  3:46  Zergling x6  
  29  3:47  Zergling x2  
  30  3:56  Zergling x2  
  30  4:02  Zergling x4  
  21  4:11  Zergling x4  
  22  4:19  Zergling x2  
  21  4:36  Queen  
  24  4:38  Drone x2  
  24  4:39  Drone  
  26  4:51  Evolution Chamber  
  26  4:52  Drone x2  
  27  4:55  Drone x2  
  29  5:06  Zergling x2  
  29  5:07  Zergling x2  
  31  5:11  Queen  
  33  5:17  Drone  
  33  5:20  Zerg Melee Weapons Level 1  
  34  5:24  Zergling x2  
  34  5:26  Overlord  
  35  5:30  Overlord  
  35  5:56  Roach  
  35  5:57  Roach x2  
  34  5:59  Roach x4  
  42  6:14  Roach x3  
  48  6:22  Roach  
  48  6:24  Drone x2  
  52  6:26  Overlord  
  52  6:39  Overlord  
  52  6:40  Overlord  
  52  6:45  Drone x2  
  54  6:48  Lair  
  54  6:56  Drone x4  
  54  6:59  Drone  
  59  7:14  Zerg Missile Weapons Level 1  
  59  7:29  Drone x2  
  61  7:30  Drone x3  
  61  7:32  Overlord x2  
  61  7:34  Overlord  
  61  7:36  Roach x2  
  68  7:45  Extractor  
  68  7:47  Extractor  
  66  7:56  Hatchery, Hydralisk Den  
  64  8:02  Glial Reconstitution  
  64  8:06  Drone x2  
  64  8:07  Drone  
  67  8:28  Hydralisk x2  
  67  8:29  Hydralisk x3  
  67  8:30  Hydralisk  
  79  8:35  Grooved Spines  
  79  8:46  Infestation Pit  
  79  8:48  Overseer x2  
  78  8:54  Queen  
  80  9:00  Hydralisk x2  
  84  9:06  Drone x2  
  86  9:12  Drone  
  86  9:15  Hydralisk  
  86  9:16  Roach  
  91  9:23  Drone  
  92  9:38  Ravager x2  
  94  9:44  Drone x2  
  96  9:47  Infestor  
  96  9:50  Overlord x5  
  98  10:13  Extractor  
  97  10:14  Drone  
  97  10:15  Drone x4  
  97  10:18  Extractor  
  101  10:21  Hydralisk  
  101  10:22  Hydralisk x4  
  111  10:30  Drone  
  111  10:33  Drone x5  
  111  10:35  Drone  
  118  10:42  Hive  
  118  10:52  Drone x2  
  118  10:55  Infestor x2  
  118  10:56  Infestor  
  126  11:01  Drone x2  
  126  11:02  Drone x2  
  130  11:16  Hatchery  
  129  11:24  Hydralisk  
  129  11:25  Hydralisk x3  
  131  11:30  Overlord x2  
  137  11:33  Zerg Missile Weapons Level 2  
  82  12:14  Hydralisk  
  82  12:15  Hydralisk x7  
  66  12:16  Hydralisk x8  
  66  12:19  Hydralisk  
  96  12:31  Drone  
  96  12:32  Drone x8  
  105  12:40  Queen  
  107  12:54  Drone x2, Extractor  
  107  12:56  Hydralisk, Extractor  
  107  12:57  Hydralisk x6  
  121  13:00  Hydralisk  
  123  13:16  Hydralisk x7  
  123  13:18  Hydralisk  
  139  13:34  Infestor  
  139  13:35  Infestor x3  
  139  13:36  Infestor x2  
  151  13:49  Infestor x2  
  151  13:51  Hatchery  
  151  13:52  Hydralisk  
  151  13:53  Zergling x4  
  151  13:54  Zergling x4  
  160  13:56  Overlord x3  
  160  14:17  Drone  
  160  14:18  Drone x8  
  160  14:20  Drone  
  160  14:21  Drone x8  
  178  14:24  Hydralisk x2  
  178  14:25  Hydralisk  
  178  14:27  Overlord  
  184  14:34  Zerg Missile Weapons Level 3  
  184  14:46  Hydralisk  
  184  14:47  Hydralisk x3  
  184  14:50  Overlord  
  184  14:51  Overlord x3  
  192  15:00  Extractor  
  192  15:01  Extractor  
  190  15:13  Ultralisk Cavern  
  189  15:14  Unknown  
  159  16:05  Drone, Hydralisk x3  
  159  16:06  Hydralisk x15  
  183  16:18  Hydralisk x2, Infestor  
  107  16:46  Hydralisk x2  
  107  16:47  Hydralisk x4  
  95  16:48  Hydralisk  
  98  17:06  Hydralisk x2  
  98  17:07  Hydralisk  
  75  17:29  Hatchery  
  57  17:43  Hatchery  
  54  17:48  Extractor  
  54  17:49  Extractor  
  46  18:05  Hatchery  
  46  18:12  Hatchery  
  32  18:40  Hatchery  
  24  19:14  Hydralisk  
  24  19:15  Ultralisk, Hydralisk  
  34  19:25  Drone  
  35  19:43  Drone  
  36  19:45  Drone  
  37  20:03  Hydralisk  
  39  20:23  Drone x2  
Show
View Real Time Build Order
Export as new Build Order

A.I. 1 (Very Hard) Zerg - Winner!

Build Orders: Pool First, Zergling Baneling 

Get SALT Encoding   

  12  0:00  Drone  
  13  0:08  Drone  
  14  0:17  Overlord  
  14  0:34  Spawning Pool  
  13  0:36  Drone  
  13  0:40  Extractor  
  14  0:42  Drone  
  14  0:47  Drone  
  15  1:20  Zergling x6, Queen  
  20  1:43  Hatchery  
  19  1:47  Drone  
  19  1:53  Zergling x2  
  21  1:58  Zergling x2  
  22  2:11  Overlord  
  22  2:21  Baneling Nest  
  21  2:23  Drone  
  21  2:29  Zergling x2  
  23  2:34  Zergling x2  
  24  2:39  Zergling x2  
  24  2:43  Zergling x2  
  26  3:05  Baneling  
  26  3:09  Zergling x2  
  27  3:18  Overlord  
  27  3:23  Zergling x2  
  28  3:28  Zergling x2  
  28  3:33  Zergling x2  
  30  3:37  Zergling x2  
  30  3:41  Baneling  
  31  3:45  Zergling x2, Baneling  
  31  3:50  Zergling x2, Baneling x2  
  31  3:55  Zergling x2, Baneling  
  32  4:00  Zergling x2  
  31  4:05  Zergling x2  
  31  4:08  Baneling  
  29  4:10  Zergling x2  
  29  4:12  Baneling  
  29  4:16  Zergling x2  
  31  4:21  Drone  
  29  4:37  Roach Warren  
  27  4:49  Drone  
  28  4:54  Drone  
  28  4:58  Drone  
  30  5:03  Drone  
  31  5:13  Lair  
  31  5:19  Roach  
  33  5:36  Roach  
  33  5:41  Roach  
  35  5:46  Drone  
  33  5:52  Drone  
  34  5:57  Drone  
  34  6:02  Drone  
  35  6:06  Drone  
  36  6:12  Hydralisk Den  
  36  6:13  Drone  
  36  6:19  Overlord  
  36  6:26  Roach  
  36  6:30  Drone  
  39  6:33  Drone  
  39  6:36  Drone  
  41  6:40  Drone  
  41  6:42  Hydralisk  
  41  6:43  Drone  
  45  6:49  Hydralisk  
  47  6:54  Overlord  
  47  6:59  Hydralisk  
  49  7:04  Hydralisk  
  52  7:08  Drone  
  52  7:13  Drone x2  
  54  7:18  Overlord  
  54  7:19  Drone  
  55  7:23  Drone  
  55  7:25  Drone  
  55  7:28  Drone  
  55  7:29  Drone  
  59  7:34  Drone  
  60  7:37  Drone  
  61  7:44  Overlord  
  61  7:48  Drone  
  62  7:52  Overseer, Ravager  
  62  7:53  Roach, Drone, Hydralisk, Extractor  
  62  7:55  Drone  
  68  8:02  Drone  
  69  8:06  Overlord  
  69  8:08  Extractor  
  69  8:10  Drone  
  69  8:16  Extractor  
  69  8:17  Drone  
  69  8:22  Roach, Drone x2  
  73  8:27  Overlord  
  73  8:29  Ravager  
  73  8:32  Drone  
  75  8:38  Drone  
  76  8:43  Drone  
  77  8:49  Drone, Hydralisk  
  77  8:50  Drone, Overlord  
  77  8:51  Spire  
  77  8:55  Drone  
  81  8:59  Drone  
  82  9:05  Drone  
  82  9:09  Metabolic Boost  
  83  9:10  Drone  
  83  9:16  Drone  
  85  9:20  Roach, Drone, Overlord  
  85  9:21  Drone, Evolution Chamber  
  88  9:28  Drone  
  89  9:32  Drone  
  89  9:37  Evolution Chamber  
  89  9:39  Drone  
  89  9:41  Evolution Chamber  
  89  9:42  Drone  
  90  9:45  Spine Crawler  
  90  9:47  Zerg Ground Armor Level 1  
  90  9:49  Drone  
  90  9:50  Spine Crawler  
  90  9:51  Roach, Queen  
  93  9:53  Roach  
  93  9:56  Overlord  
  93  9:59  Roach  
  97  10:01  Roach  
  97  10:03  Zerg Melee Weapons Level 1  
  97  10:04  Mutalisk  
  101  10:07  Zerg Missile Weapons Level 1  
  101  10:11  Mutalisk  
  103  10:14  Mutalisk  
  105  10:23  Mutalisk, Overlord  
  105  10:28  Mutalisk, Spore Crawler  
  106  10:29  Spore Crawler  
  107  10:38  Mutalisk  
  109  10:47  Mutalisk  
  109  10:48  Overlord  
  109  10:49  Spine Crawler  
  110  10:57  Mutalisk  
  112  11:06  Mutalisk  
  114  11:15  Mutalisk  
  116  11:20  Hatchery  
  115  11:27  Spine Crawler  
  115  11:28  Drone  
  115  11:30  Overlord  
  115  11:32  Infestation Pit  
  114  11:33  Drone  
  115  11:43  Hydralisk  
  117  11:48  Hydralisk  
  117  11:51  Roach  
  117  11:53  Roach, Overlord  
  123  11:55  Roach  
  123  12:00  Roach x2  
  128  12:04  Hydralisk  
  128  12:07  Zergling x4  
  118  12:09  Hydralisk, Infestor  
  112  12:22  Infestor  
  112  12:26  Roach  
  112  12:28  Roach  
  118  12:30  Roach  
  118  12:32  Drone, Queen  
  118  12:33  Drone x3  
  118  12:34  Drone x4  
  118  12:35  Drone  
  131  12:42  Drone  
  131  12:44  Extractor  
  131  12:45  Drone x2, Extractor  
  131  12:47  Lurker Den  
  131  12:49  Drone x2  
  131  12:50  Drone  
  134  12:53  Drone  
  134  12:55  Overlord  
  134  12:57  Drone  
  136  13:04  Drone, Hydralisk  
  136  13:05  Drone, Hydralisk  
  142  13:07  Drone  
  142  13:08  Drone  
  144  13:14  Drone  
  144  13:18  Drone, Hydralisk x2, Overlord  
  150  13:26  Hive  
  150  13:36  Overlord  
  150  13:43  Zerg Missile Weapons Level 2  
  150  13:45  Spine Crawler  
  149  13:52  Queen  
  151  13:57  Hatchery  
  151  13:58  Zerg Ground Armor Level 2  
  150  14:04  Glial Reconstitution  
  150  14:10  Pneumatized Carapace  
  150  14:11  Zergling x2  
  150  14:12  Zergling x2  
  150  14:13  Zergling x2, Overlord  
  150  14:15  Lurker  
  150  14:16  Lurker  
  155  14:18  Hydralisk  
  155  14:21  Hydralisk  
  155  14:23  Spore Crawler  
  158  14:28  Zergling x2  
  159  14:37  Viper, Spine Crawler  
  159  14:38  Overseer  
  161  14:39  Lair, Spore Crawler  
  161  14:43  Spine Crawler  
  161  14:44  Drone  
  161  14:45  Spine Crawler  
  159  14:47  Drone  
  159  14:50  Viper  
  163  14:56  Overseer  
  163  14:58  Zergling x2, Overlord  
  164  15:04  Spore Crawler  
  164  15:05  Drone  
  164  15:06  Zergling x2  
  165  15:10  Hydralisk  
  165  15:11  Drone x2, Hydralisk  
  165  15:12  Drone x3, Hydralisk x2  
  165  15:13  Drone x3, Hydralisk x2  
  165  15:14  Drone x2, Hydralisk  
  186  15:15  Drone x2  
  186  15:16  Extractor  
  186  15:17  Drone x2  
  186  15:18  Drone  
  186  15:20  Hydralisk  
  195  15:26  Spore Crawler  
  195  15:27  Drone  
  195  15:28  Spore Crawler  
  194  15:29  Drone  
  194  15:31  Spore Crawler  
  194  15:32  Drone  
  195  15:43  Queen  
  195  15:50  Spine Crawler  
  195  15:52  Drone, Spine Crawler  
  195  15:53  Spine Crawler  
  195  15:54  Drone  
  195  15:55  Drone  
  183  15:57  Drone  
  183  15:58  Drone  
  160  16:11  Drone  
  160  16:13  Drone  
  160  16:14  Drone  
  160  16:16  Drone  
  160  16:18  Drone  
  143  16:19  Drone  
  143  16:21  Drone  
  143  16:22  Drone  
  143  16:23  Drone  
  143  16:25  Drone  
  128  16:27  Drone  
  128  16:28  Drone  
  128  16:29  Drone  
  128  16:31  Drone  
  128  16:32  Drone  
  131  16:34  Drone  
  131  16:35  Drone  
  131  16:36  Drone  
  131  16:38  Drone, Hatchery  
  128  16:40  Drone  
  128  16:42  Drone  
  128  16:43  Drone  
  128  16:45  Drone  
  128  16:46  Drone  
  121  16:48  Drone  
  121  16:50  Drone  
  121  16:52  Drone  
  113  17:05  Hatchery  
  113  17:07  Hydralisk  
  116  17:08  Drone  
  116  17:10  Drone  
  116  17:12  Drone  
  116  17:14  Drone  
  117  17:16  Drone  
  117  17:19  Drone  
  116  17:23  Drone  
  116  17:25  Drone  
  116  17:27  Drone  
  100  17:42  Queen  
  102  17:44  Overlord  
  102  17:50  Zergling x2  
  103  18:01  Drone x2  
  101  18:09  Overlord  
  82  18:21  Drone  
  82  18:23  Hatchery  
  82  18:25  Lair, Drone x2  
  82  18:44  Hatchery  
  80  18:56  Zergling x2  
  80  18:59  Drone  
  82  19:03  Drone  
  82  19:06  Drone  
  82  19:09  Drone  
  85  19:13  Drone  
  85  19:15  Drone  
  87  19:19  Drone  
  87  19:22  Drone  
  89  19:24  Drone  
  89  19:25  Hydralisk Den  
  89  19:27  Drone  
  89  19:30  Drone  
  91  19:33  Drone  
  91  19:35  Drone  
  91  19:37  Drone  
  94  19:40  Drone  
  94  19:43  Drone  
  96  19:46  Drone  
  96  19:49  Drone  
  96  19:51  Drone  
  99  19:53  Drone  
  99  19:54  Hydralisk  
  99  19:55  Drone  
  99  19:57  Drone  
  99  19:59  Drone  
  105  20:03  Drone  
  105  20:06  Drone  
  107  20:08  Drone  
  107  20:10  Drone  
  107  20:13  Drone  
  110  20:14  Drone  
  110  20:17  Drone  
  110  20:18  Drone  
  110  20:19  Drone  
  110  20:21  Drone  
  115  20:22  Drone  
  115  20:23  Drone  
  115  20:26  Drone  
  115  20:27  Drone  
  119  20:28  Drone  
  119  20:31  Overlord  
  120  20:37  Drone  
  120  20:38  Drone  
  120  20:39  Drone  
  120  20:42  Drone  
  124  20:47  Infestation Pit  
  124  20:48  Drone x2  
Tags
 
Add a new tag
Caveats
  • Supply blocks, unpowered buildings, or Contaminate may cause inaccurate times.
  • Supply counts are checked every 10 seconds.